| TOP OF THE 1ST |
|
Syracuse Chiefs batting - Pitching for Louisville Bats : RHP Matt Johnson
|
|
Pitching: RHP Matt Johnson
|
|
|
Batting: RHB Dusty Ballard
|
0-0: Ball 1-0: Called Strike 1-1: Ball 2-1: Ground out 5-3 (Groundball, 56S, EV 70.0 MPH)
|
|
Batting: RHB Hisayuki Akiyama
|
0-0: Ground out 4-3 (Groundball, 34D, EV 83.8 MPH)
|
|
Batting: LHB Chris Williams
|
0-0: Ball 1-0: Ball 2-0: Called Strike 2-1: Called Strike 2-2: Ground out 4-3 (Groundball, 4, EV 78.8 MPH)
|
| Top of the 1st over - 0 runs, 0 hits, 0 errors, 0 left on base; Syracuse 0 - Louisville 0 |
| BOTTOM OF THE 1ST |
|
Louisville Bats batting - Pitching for Syracuse Chiefs : LHP Peni Keli'i
|
|
Pitching: LHP Peni Keli'i
|
|
|
Batting: RHB Won-jun Park
|
0-0: Ball 1-0: Called Strike 1-1: Ground out 6-3 (Groundball, 6, EV 80.0 MPH)
|
|
Batting: SHB Freddie Farrar
|
0-0: SINGLE (Line Drive, 34D, EV 96.9 MPH)
|
|
Batting: RHB Mike Alm
|
0-0: SINGLE (Flyball, 4D, EV 84.4 MPH) Freddie Farrar to second
|
|
Batting: RHB Juan Reyes
|
0-0: Ball 1-0: Fly out, F8 (Line Drive, 8LD, EV 86.9 MPH)
|
|
Batting: RHB Danny Real
|
0-0: Called Strike 0-1: Called Strike 0-2: Strikes out swinging
|
| Bottom of the 1st over - 0 runs, 2 hits, 0 errors, 2 left on base; Syracuse 0 - Louisville 0 |
| TOP OF THE 2ND |
|
Syracuse Chiefs batting - Pitching for Louisville Bats : RHP Matt Johnson
|
|
Batting: LHB Jae-ik Soung
|
0-0: Ball 1-0: Ball 2-0: Foul Ball, location: 2F 2-1: Ball 3-1: Foul Ball, location: 2F 3-2: Base on Balls
|
|
Batting: RHB Antonio Laurel
|
0-0: Ball 1-0: Fly out, F4 (Flyball, 34D, EV 86.9 MPH)
|
|
Batting: LHB Alexis Cantu
|
0-0: Called Strike 0-1: Ball 1-1: Called Strike 1-2: Strikes out swinging
|
|
Batting: RHB Nate Dickinson
|
0-0: Fielders Choice at 2nd, 5-4 (Groundball, 56, EV 101.9 MPH)
|
| Top of the 2nd over - 0 runs, 0 hits, 0 errors, 1 left on base; Syracuse 0 - Louisville 0 |
| BOTTOM OF THE 2ND |
|
Louisville Bats batting - Pitching for Syracuse Chiefs : LHP Peni Keli'i
|
|
Batting: LHB Leo Gomez
|
0-0: Swinging Strike 0-1: Ball 1-1: Foul Ball, location: 2F 1-2: Reached on error, E3 (Groundball, 3, EV 81.2 MPH)
|
|
Batting: RHB Steve Bauman
|
0-0: Called Strike 0-1: Ball 1-1: Ball 2-1: Ball 3-1: Base on Balls Leo Gomez to second
|
|
Batting: SHB Tim Utz
|
0-0: Ball Leo Gomez steals 3rd base 1-0: Fly out, F9 (Flyball, 89M, EV 94.4 MPH)
|
|
Batting: RHB Ben Hinman
|
0-0: Swinging Strike 0-1: Ball 1-1: Called Strike 1-2: Ball 2-2: Strikes out swinging
|
|
Batting: RHB Won-jun Park
|
0-0: Called Strike 0-1: Ball 1-1: Ground out U3 (Groundball, 3L, EV 91.9 MPH)
|
| Bottom of the 2nd over - 0 runs, 0 hits, 1 error, 2 left on base; Syracuse 0 - Louisville 0 |
| TOP OF THE 3RD |
|
Syracuse Chiefs batting - Pitching for Louisville Bats : RHP Matt Johnson
|
|
Batting: RHB Justin Davenport
|
0-0: Ground out 5-3 (Groundball, 56S, EV 70.0 MPH)
|
|
Batting: RHB Jelexiz Cuenca
|
0-0: Ball 1-0: Called Strike 1-1: Ball 2-1: Called Strike 2-2: Ball 3-2: Strikes out swinging
|
|
Batting: RHB Dusty Ballard
|
0-0: Ball 1-0: SINGLE (Groundball, 5S, EV 68.1 MPH) (infield hit)
|
|
Batting: RHB Hisayuki Akiyama
|
0-0: Ball Dusty Ballard steals 2nd base 1-0: Ball 2-0: Called Strike 2-1: Ball 3-1: Foul Ball, location: 2F 3-2: Fly out, F5 (Popup, 5S, EV 84.4 MPH)
|
| Top of the 3rd over - 0 runs, 1 hit, 0 errors, 1 left on base; Syracuse 0 - Louisville 0 |
| BOTTOM OF THE 3RD |
|
Louisville Bats batting - Pitching for Syracuse Chiefs : LHP Peni Keli'i
|
|
Batting: SHB Freddie Farrar
|
0-0: Ball 1-0: Swinging Strike 1-1: Ball 2-1: Ball 3-1: Called Strike 3-2: Strikes out swinging
|
|
Batting: RHB Mike Alm
|
0-0: Called Strike 0-1: Foul Ball, location: 2F 0-2: Ball 1-2: Ground out 5-3 (Groundball, 56S, EV 71.2 MPH)
|
|
Batting: RHB Juan Reyes
|
0-0: Foul Ball, location: 2F 0-1: Ball 1-1: Ball 2-1: Fly out, F3 (Popup, 3S, EV 85.0 MPH)
|
| Bottom of the 3rd over - 0 runs, 0 hits, 0 errors, 0 left on base; Syracuse 0 - Louisville 0 |
| TOP OF THE 4TH |
|
Syracuse Chiefs batting - Pitching for Louisville Bats : RHP Matt Johnson
|
|
Batting: LHB Chris Williams
|
0-0: Ball 1-0: Swinging Strike 1-1: Called Strike 1-2: Ball 2-2: Fly out, F9 (Flyball, 89XD, EV 111.2 MPH)
|
|
Batting: LHB Jae-ik Soung
|
0-0: Called Strike 0-1: Ball 1-1: Called Strike 1-2: Foul Ball, location: 2F 1-2: Fly out, F9 (Flyball, 9D, EV 101.9 MPH)
|
|
Batting: RHB Antonio Laurel
|
0-0: Ball 1-0: Swinging Strike 1-1: Ground out 3-1 (Groundball, 34, EV 101.9 MPH)
|
| Top of the 4th over - 0 runs, 0 hits, 0 errors, 0 left on base; Syracuse 0 - Louisville 0 |
| BOTTOM OF THE 4TH |
|
Louisville Bats batting - Pitching for Syracuse Chiefs : LHP Peni Keli'i
|
|
Batting: RHB Danny Real
|
0-0: Called Strike 0-1: Called Strike 0-2: TRIPLE (Flyball, 78XD, EV 103.8 MPH)
|
|
Batting: LHB Leo Gomez
|
0-0: Ball Wild Pitch! Danny Real scores 1-0: Called Strike 1-1: Ground out 6-3 (Groundball, 6, EV 82.5 MPH)
|
|
Batting: RHB Steve Bauman
|
0-0: Ball 1-0: Foul Ball, location: 2F 1-1: Reached on error, E2 (Groundball, 2R, EV 66.2 MPH)
|
|
Batting: SHB Tim Utz
|
0-0: Called Strike 0-1: Foul Ball, location: 2F 0-2: Foul Ball, location: 2F 0-2: Ball 1-2: Fly out, F7 (Flyball, 7LS, EV 87.5 MPH)
|
|
Batting: RHB Ben Hinman
|
0-0: Ball 1-0: Called Strike 1-1: Ball 2-1: Called Strike 2-2: SINGLE (Groundball, 6M, EV 101.2 MPH) Steve Bauman to third Runner from 3rd tries for Home, SAFE, throw by CF to home
|
|
Batting: RHB Won-jun Park
|
0-0: Ball 1-0: Fly out, F7 (Flyball, 7, EV 85.6 MPH)
|
| Bottom of the 4th over - 2 runs, 2 hits, 1 error, 1 left on base; Syracuse 0 - Louisville 2 |
| TOP OF THE 5TH |
|
Syracuse Chiefs batting - Pitching for Louisville Bats : RHP Matt Johnson
|
|
Batting: LHB Alexis Cantu
|
0-0: Foul Ball, location: 2F 0-1: Ball 1-1: Called Strike 1-2: Foul Ball, location: 2F 1-2: Foul Ball, location: 2F 1-2: Foul Ball, location: 2F 1-2: Ball 2-2: Strikes out swinging
|
|
Batting: RHB Nate Dickinson
|
0-0: Ball 1-0: Fly out, F9 (Flyball, 9, EV 86.2 MPH)
|
|
Batting: RHB Justin Davenport
|
0-0: Swinging Strike 0-1: Ball 1-1: Ball 2-1: Ball 3-1: Foul Ball, location: 2F 3-2: Ground out 6-3 (Groundball, 6, EV 101.9 MPH)
|
| Top of the 5th over - 0 runs, 0 hits, 0 errors, 0 left on base; Syracuse 0 - Louisville 2 |
| BOTTOM OF THE 5TH |
|
Louisville Bats batting - Pitching for Syracuse Chiefs : LHP Peni Keli'i
|
|
Batting: SHB Freddie Farrar
|
0-0: Fly out, F8 (Flyball, 78S, EV 81.2 MPH)
|
|
Batting: RHB Mike Alm
|
0-0: Ball 1-0: Foul Ball, location: 2F 1-1: SOLO HOME RUN (Flyball, 7D, EV 104.4 MPH), Distance : 405 ft
|
|
Batting: RHB Juan Reyes
|
0-0: Ball 1-0: Fly out, F9 (Flyball, 9D, EV 96.9 MPH)
|
|
Batting: RHB Danny Real
|
0-0: Fly out, F3 (Popup, 34, EV 66.9 MPH)
|
| Bottom of the 5th over - 1 run, 1 hit, 0 errors, 0 left on base; Syracuse 0 - Louisville 3 |
| TOP OF THE 6TH |
|
Syracuse Chiefs batting - Pitching for Louisville Bats : RHP Matt Johnson
|
|
Batting: RHB Jelexiz Cuenca
|
0-0: Called Strike 0-1: Ball 1-1: Foul Ball, location: 2F 1-2: Strikes out swinging
|
|
Batting: RHB Dusty Ballard
|
0-0: SINGLE (Flyball, 6D, EV 87.5 MPH)
|
|
Batting: RHB Hisayuki Akiyama
|
0-0: Foul Ball, location: 2F 0-1: Ball 1-1: Called Strike 1-2: Ball 2-2: Ball Dusty Ballard steals 2nd base 3-2: Base on Balls
|
|
Batting: LHB Chris Williams
|
0-0: Called Strike Dusty Ballard steals 3rd base Hisayuki Akiyama to second 0-1: SINGLE (Groundball, 6S, EV 96.2 MPH) Dusty Ballard scores Hisayuki Akiyama to third Runner from 3rd tries for Home, SAFE, throw by CF to home
|
|
Batting: LHB Jae-ik Soung
|
0-0: Foul Ball, location: 2F 0-1: Foul Ball, location: 2F 0-2: Ball 1-2: Fielders Choice at 2nd, 3-6 (Groundball, 3, EV 90.0 MPH)
|
|
Batting: RHB Antonio Laurel
|
0-0: Ball 1-0: Called Strike 1-1: Foul Ball, location: 2F 1-2: Strikes out swinging
|
| Top of the 6th over - 2 runs, 2 hits, 0 errors, 1 left on base; Syracuse 2 - Louisville 3 |
| BOTTOM OF THE 6TH |
|
Louisville Bats batting - Pitching for Syracuse Chiefs : LHP Peni Keli'i
|
|
Batting: LHB Leo Gomez
|
0-0: Called Strike 0-1: Ground out 4-3 (Groundball, 4, EV 88.8 MPH)
|
|
Batting: RHB Steve Bauman
|
0-0: Called Strike 0-1: Called Strike 0-2: Ball 1-2: Strikes out swinging
|
|
Batting: SHB Tim Utz
|
0-0: Foul Ball, location: 2F 0-1: SINGLE (Groundball, 56D, EV 94.4 MPH)
|
|
Batting: RHB Ben Hinman
|
0-0: Ball 1-0: Ball 2-0: Ball 3-0: Called Strike 3-1: Called Strike 3-2: Foul Ball, location: 2F 3-2: Foul Ball, location: 2F 3-2: Foul Ball, location: 2F 3-2: Base on Balls Tim Utz to second
|
|
Batting: RHB Won-jun Park
|
0-0: Ball 1-0: Ground out 5-3 (Groundball, 5L, EV 105.0 MPH)
|
| Bottom of the 6th over - 0 runs, 1 hit, 0 errors, 2 left on base; Syracuse 2 - Louisville 3 |
| TOP OF THE 7TH |
|
Syracuse Chiefs batting - Pitching for Louisville Bats : RHP Matt Johnson
|
|
Batting: LHB Alexis Cantu
|
0-0: Ball 1-0: Called Strike 1-1: Ball 2-1: Ball 3-1: Base on Balls
|
|
Batting: RHB Nate Dickinson
|
0-0: Sac Bunt to 23 - play at first, batter OUT! 3-4 Alexis Cantu to second
|
|
Batting: RHB Justin Davenport
|
0-0: Ground out 4-3 (Groundball, 13, EV 89.4 MPH) Alexis Cantu to third
|
|
Pinch Hitting: LHB Kevin Kantor
|
0-0: Called Strike 0-1: Foul Ball, location: 2F 0-2: Strikes out swinging
|
| Top of the 7th over - 0 runs, 0 hits, 0 errors, 1 left on base; Syracuse 2 - Louisville 3 |
| BOTTOM OF THE 7TH |
|
Louisville Bats batting - Pitching for Syracuse Chiefs : LHP Peni Keli'i
|
|
Now at 2B: Kevin Kantor
|
|
|
Now at 3B: Dusty Ballard
|
|
|
Batting: SHB Freddie Farrar
|
0-0: Ball 1-0: Ball 2-0: Called Strike 2-1: Called Strike 2-2: Ball 3-2: Foul Ball, location: 2F 3-2: Base on Balls
|
|
Pitching: LHP Johnny Busse
|
|
|
Batting: RHB Mike Alm
|
0-0: Called Strike 0-1: Ball 1-1: Called Strike 1-2: Strikes out swinging
|
|
Batting: RHB Juan Reyes
|
0-0: Ball 1-0: Ball 2-0: Ball Freddie Farrar steals 2nd base 3-0: Intentional Walk
|
|
Batting: RHB Danny Real
|
0-0: Ball 1-0: Foul Ball, location: 2F 1-1: Called Strike Freddie Farrar steals 3rd base 1-2: SINGLE (Line Drive, 4MD, EV 100.0 MPH) Freddie Farrar scores Juan Reyes to second Runner from 2nd tries for 3rd, SAFE after rundown.
|
|
Batting: LHB Leo Gomez
|
0-0: Ball Danny Real steals 2nd, throwing error, E2 Juan Reyes scores Danny Real to third 1-0: Fly out, F8 (Flyball, 8RD, EV 104.4 MPH) Runner from 3rd tags up, SCORES, no throw by CF
|
|
Batting: RHB Steve Bauman
|
0-0: SINGLE (Line Drive, 34, EV 99.4 MPH)
|
|
Batting: SHB Tim Utz
|
0-0: Ball 1-0: Ball 2-0: Foul Ball, location: 2F 2-1: DOUBLE (Line Drive, 7LD, EV 103.1 MPH) Steve Bauman to third
|
|
Batting: RHB Ben Hinman
|
0-0: Called Strike 0-1: Ball 1-1: Ground out 1-3 (Groundball, P, EV 69.4 MPH)
|
| Bottom of the 7th over - 3 runs, 3 hits, 1 error, 2 left on base; Syracuse 2 - Louisville 6 |
| TOP OF THE 8TH |
|
Syracuse Chiefs batting - Pitching for Louisville Bats : RHP Matt Johnson
|
|
Pitching: RHP Giovonni Morgia
|
|
|
Batting: RHB Dusty Ballard
|
0-0: Fly out, F8 (Flyball, 8RD, EV 94.4 MPH)
|
|
Batting: RHB Hisayuki Akiyama
|
0-0: Called Strike 0-1: Called Strike 0-2: Ground out 5-3 (Groundball, 56, EV 108.1 MPH)
|
|
Batting: LHB Chris Williams
|
0-0: Ground out 6-3 (Groundball, 6MS, EV 64.4 MPH)
|
| Top of the 8th over - 0 runs, 0 hits, 0 errors, 0 left on base; Syracuse 2 - Louisville 6 |
| BOTTOM OF THE 8TH |
|
Louisville Bats batting - Pitching for Syracuse Chiefs : LHP Johnny Busse
|
|
Batting: RHB Won-jun Park
|
0-0: Swinging Strike 0-1: Ball 1-1: Ball 2-1: Foul Ball, location: 2F 2-2: SOLO HOME RUN (Flyball, 8RXD, EV 116.9 MPH), Distance : 467 ft
|
|
Pitching: RHP Ivano Galikov
|
|
|
Batting: SHB Freddie Farrar
|
0-0: Foul Ball, location: 2F 0-1: Ground out 6-3 (Groundball, 6, EV 86.2 MPH)
|
|
Batting: RHB Mike Alm
|
0-0: Foul Ball, location: 2F 0-1: SINGLE (Groundball, 56D, EV 102.5 MPH)
|
|
Batting: RHB Juan Reyes
|
0-0: Called Strike Mike Alm steals 2nd base 0-1: Called Strike 0-2: Ball 1-2: Ball 2-2: Fly out, F9 (Flyball, 9LM, EV 74.4 MPH)
|
|
Batting: RHB Danny Real
|
0-0: Ball 1-0: Foul Ball, location: 2F 1-1: Called Strike 1-2: Ground out 6-3 (Groundball, 6S, EV 68.8 MPH)
|
| Bottom of the 8th over - 1 run, 2 hits, 0 errors, 1 left on base; Syracuse 2 - Louisville 7 |
| TOP OF THE 9TH |
|
Syracuse Chiefs batting - Pitching for Louisville Bats : RHP Giovonni Morgia
|
|
Batting: LHB Jae-ik Soung
|
0-0: Ball 1-0: Foul Ball, location: 2F 1-1: Foul Ball, location: 2F 1-2: Ball 2-2: Hit by Pitch
|
|
Batting: RHB Antonio Laurel
|
0-0: Called Strike 0-1: Grounds into double play, 6-4-3 (Groundball, 6, EV 85.0 MPH)
|
|
Batting: LHB Alexis Cantu
|
0-0: SINGLE (Flyball, 56D, EV 85.6 MPH)
|
|
Batting: RHB Nate Dickinson
|
0-0: Ball 1-0: Called Strike 1-1: Ball 2-1: Fly out, F7 (Flyball, 7S, EV 77.5 MPH)
|
| Top of the 9th over - 0 runs, 1 hit, 0 errors, 1 left on base; Syracuse 2 - Louisville 7 |
|